 Dungeon Crawl Stone Soup version 0.22.1-1-ga44c0e5 (webtiles) character file.

10990 geeseburger the Warrior (level 11, -1/125 HPs)
             Began as a Minotaur Fighter on Oct 6, 2018.
             Was a High Priest of Okawaru.
             Killed from afar by a fire dragon (31 damage)
             ... with a blast of flame
             ... on level 12 of the Dungeon.
             The game lasted 00:38:10 (12692 turns).

geeseburger the Warrior (Minotaur Fighter)         Turns: 12692, Time: 00:38:10

Health: -1/125     AC: 24    Str: 23    XL:     11   Next: 43%
Magic:  10/10      EV: 10    Int:  5    God:    Okawaru [*****.]
Gold:   548        SH: 13    Dex: 13    Spells: 10/10 levels left

rFire    . . .     SeeInvis +   O - +2 double sword
rCold    . . .     Gourm    .   c - +0 shield
rNeg     . . .     Faith    .   Q - +3 plate armour "Coigus" {Regen+ Dex+2 Stlth+}
rPois    +         Spirit   .   (helmet restricted)
rElec    .         Reflect  +   (no cloak)
rCorr    .         Harm     .   N - +2 pair of gloves
MR       .....                  k - +0 pair of boots
Stlth    ..........             B - +3 amulet of reflection
HPRegen  0.70/turn              E - ring of see invisible
MPRegen  0.12/turn              J - +5 ring of evasion

@: no status effects
A: retaliatory headbutt, hooves 1, horns 2, poison resistance, robust 1
a: Heroism, Finesse, Renounce Religion


You were on level 12 of the Dungeon.
You worshipped Okawaru.
Okawaru was extremely pleased with you.
You were not hungry.

You visited 2 branches of the dungeon, and saw 13 of its levels.
You also visited: Sewer.

You collected 548 gold pieces.

Inventory:

Hand Weapons
 h - a +3 short sword of protection
 O - a +2 double sword (weapon)
Missiles
 n - 5 javelins of penetration (quivered)
Armour
 c - a +0 shield (worn)
 k - a +0 pair of boots (worn)
 N - a +2 pair of gloves (worn)
 Q - the +3 plate armour "Coigus" (worn) {Regen+ Dex+2 Stlth+}
   (You found it on level 11 of the Dungeon)

   It affects your dexterity (+2).
   It increases your rate of regeneration.
   It makes you more stealthy.
Jewellery
 u - an uncursed amulet of guardian spirit
 B - a +3 amulet of reflection (around neck)
 E - a ring of see invisible (left hand)
 J - a +5 ring of evasion (right hand)
 M - an uncursed ring of flight
Wands
 y - a wand of random effects (41)
 z - a wand of polymorph (11)
 A - a wand of flame (21)
 F - a wand of enslavement (12)
 K - a wand of digging (16)
 L - a wand of disintegration (24)
Scrolls
 a - a scroll of blinking
 e - 10 scrolls of teleportation
 g - 3 scrolls of fog
 l - 9 scrolls of remove curse
 q - 4 scrolls of amnesia
 G - a scroll of magic mapping
Potions
 b - a potion of degeneration {unknown}
 d - 3 potions of might
 i - a potion of mutation
 j - 7 potions of curing
 m - 2 potions of haste
 o - 2 potions of resistance {unknown}
 p - 3 potions of lignification
 r - a potion of heal wounds {unknown}
 s - 2 potions of invisibility {unknown}
 t - a potion of brilliance {unknown}
 v - 4 potions of agility
 w - 6 potions of flight
 C - 2 potions of cancellation
 D - a potion of berserk rage {unknown}
 H - a potion of ambrosia {unknown}
 I - a potion of magic {unknown}
Comestibles
 f - 16 rations


   Skills:
 + Level 15.9 Fighting
   Level 2.4 Axes
 * Level 13.9 Armour
 - Level 3.6 Shields


You had 10 spell levels left.
You didn't know any spells.
Your spell library contained the following spells:

 Spells                   Type           Power        Failure   Level  Hunger
 Summon Small Mammal      Summ           #...         100%        1    ##.....
 Call Imp                 Summ           #.......     100%        2    ###....
 Call Canine Familiar     Summ           #.......     100%        3    ####...
 Summon Guardian Golem    Hex/Summ       #.......     100%        3    ####...
 Summon Ice Beast         Ice/Summ       #.......     100%        4    #####..
 Summon Lightning Spire   Summ/Air       #.......     100%        4    #####..


Dungeon Overview and Level Annotations

Branches:
Dungeon (12/15)            Temple (1/1) D:7            Lair (0/6) D:11
    Orc: D:9-12

Altars:
Ashenzari
Cheibriados
Dithmenos
Elyvilon
Fedhas
Gozag
Hepliaklqana
Kikubaaqudgha
Makhleb
Nemelex Xobeh
Okawaru
Qazlal
Ru
Sif Muna
Trog
Uskayaw
Vehumet
Wu Jian
Xom
Yredelemnul
Zin
The Shining One

Shops:
D:5 !


Innate Abilities, Weirdness & Mutations

You reflexively headbutt those who attack you in melee.
You have a pair of horns on your head.
You have large cloven feet.
Your system is resistant to poisons. (rPois)
You are robust. (+10% HP)


Message History

You closely miss the fire dragon. Your headbutt misses the fire dragon.
The fire dragon is almost dead.
You block the fire dragon's attack. The fire dragon claws you!
* * * LOW HITPOINT WARNING * * *
You block the fire dragon's attack.
You barely miss the fire dragon. Your headbutt misses the fire dragon.
The fire dragon is almost dead.
You block the fire dragon's attack.
The fire dragon claws you but does no damage.
You block the fire dragon's attack.
The fire dragon bites you but does no damage.
The fire dragon claws you but does no damage.
The fire dragon tramples you!
* * * LOW HITPOINT WARNING * * *
You hold your ground!
You hit the fire dragon.
The fire dragon is almost dead.
The fire dragon breathes flames at you. The blast of flame hits you!
You die...

### .. #
#######.# .#
#......D##.#
#..@#...
###.##.#.#.#.###.
........<.....D..
###.#####†.#.....
# ...# #.. [#...#
#.##..# # ...
.###


You could see a fire dragon.

Vanquished Creatures
  A two-headed ogre (D:10)
  An ugly thing (D:11)
  A cyclops (D:12)
  A manticore (D:11)
  Psyche (D:8)
  A centaur skeleton (D:10)
  2 kobold demonologists (D:10)
  A troll (D:11)
  A hippogriff (D:8)
  A human (D:10)
  17 yaks
  2 hogs
  Menkaure (D:7)
  2 water moccasins
  A hornet zombie (D:7)
  3 black bears
  A sky beast (D:10)
  A phantom (D:11)
  An eye of draining (D:9)
  8 ogres
  6 centaurs
  Blork the orc (D:6)
  4 big kobolds
  3 bullfrogs
  2 scorpions (D:10)
  18 killer bees
  3 wights (D:9)
  A howler monkey (D:9)
  A bullfrog zombie (D:7)
  6 crimson imps
  2 orc priests
  3 jellies
  6 hounds
  3 bullfrog skeletons
  Ijyb (D:4)
  An iguana (D:5)
  3 orc wizards
  7 worker ants
  2 hound zombies
  2 worker ant zombies
  7 gnolls (D:5)
  2 river rats (Sewer)
  7 adders
  5 shadow imps
  2 adder zombies
  2 worms
  2 dart slugs
  4 leopard geckos
  29 orcs
  5 giant cockroaches
  7 goblins
  3 hobgoblins
  18 jackals
  18 kobolds
  3 quokkas
  5 ball pythons
  2 bats
  6 frilled lizards
  A jackal zombie (D:5)
  2 leopard gecko skeletons
  A quokka zombie (D:10)
  5 rats
259 creatures vanquished.

Vanquished Creatures (others)
  An adder (D:5)
1 creature vanquished.

Grand Total: 260 creatures vanquished

Notes
Turn   | Place    | Note
-------+----------+-------------------------------------------
     0 | D:1      | geeseburger the Minotaur Fighter began the quest for the
                  | Orb.
     0 | D:1      | Reached XP level 1. HP: 19/19 MP: 0/0
   181 | D:1      | Reached skill level 4 in Fighting
   316 | D:1      | Reached XP level 2. HP: 26/27 MP: 1/1
   612 | D:1      | Gained mutation: You have large cloven feet. [potion of
                  | mutation]
   612 | D:1      | Gained mutation: You are robust. (+10% HP) [potion of
                  | mutation]
   612 | D:1      | Gained mutation: Your system is resistant to poisons.
                  | (rPois) [potion of mutation]
   862 | D:2      | Reached XP level 3. HP: 37/37 MP: 2/2
   869 | D:2      | Found a stormy altar of Qazlal.
  1523 | D:2      | Reached skill level 5 in Fighting
  1530 | D:2      | Found a sparkling altar of Nemelex Xobeh.
  1531 | D:2      | Found an opulent altar of Gozag.
  1762 | D:3      | Found a snail-covered altar of Cheibriados.
  1888 | D:3      | Reached XP level 4. HP: 46/46 MP: 3/3
  1975 | D:3      | Reached skill level 6 in Fighting
  2022 | D:3      | Reached XP level 5. HP: 55/55 MP: 4/4
  2098 | D:3      | Reached skill level 5 in Armour
  2113 | D:3      | Found a glowing golden altar of the Shining One.
  2168 | D:3      | Found a sparkling altar of Nemelex Xobeh.
  2810 | D:4      | Noticed Ijyb
  2880 | D:4      | Killed Ijyb
  2956 | D:4      | Noticed an ogre
  2965 | D:4      | Killed an ogre
  2965 | D:4      | Reached skill level 7 in Fighting
  2965 | D:4      | Reached XP level 6. HP: 66/66 MP: 5/5
  3269 | D:5      | Entered Level 5 of the Dungeon
  3470 | D:5      | Found Cuany's Distillery.
  3537 | D:5      | Reached skill level 8 in Fighting
  3541 | D:5      | Reached XP level 7. HP: 39/75 MP: 6/6
  3865 | D:5      | Reached skill level 9 in Fighting
  3879 | D:5      | Found a shattered altar of Ashenzari.
  4161 | D:6      | Found a white marble altar of Elyvilon.
  4295 | D:6      | Found a glowing silver altar of Zin.
  4295 | D:6      | Found a shimmering altar of Xom.
  4295 | D:6      | Noticed an angel
  4308 | D:6      | Found a radiant altar of Vehumet.
  4324 | D:6      | Noticed Blork the orc
  4334 | D:6      | Killed Blork the orc
  4399 | D:6      | Reached XP level 8. HP: 76/86 MP: 7/7
  4528 | D:6      | Found a glowing drain.
  4579 | Sewer    | Entered a sewer
  4637 | Sewer    | Reached skill level 10 in Fighting
  4662 | Sewer    | Found a white marble altar of Elyvilon.
  5266 | D:6      | Found a sacrificial altar of Ru.
  5495 | D:7      | Found a bloodstained altar of Trog.
  5555 | D:7      | Noticed Menkaure
  5561 | D:7      | Killed Menkaure
  5561 | D:7      | Reached skill level 11 in Fighting
  5802 | D:7      | Found a staircase to the Ecumenical Temple.
  5828 | Temple   | Entered the Ecumenical Temple
  5892 | Temple   | Became a worshipper of Warmaster Okawaru
  6596 | D:7      | Reached XP level 9. HP: 96/99 MP: 8/8
  6631 | D:7      | Reached skill level 12 in Fighting
  7267 | D:8      | Reached * piety under Okawaru
  7808 | D:8      | Reached skill level 13 in Fighting
  7886 | D:8      | Noticed Psyche
  7892 | D:8      | Killed Psyche
  7892 | D:8      | Reached skill level 10 in Armour
  8409 | D:9      | Reached ** piety under Okawaru
  8440 | D:9      | Found a shadowy altar of Dithmenos.
  8672 | D:9      | Found a bloodstained altar of Trog.
  8814 | D:9      | Reached XP level 10. HP: 98/112 MP: 9/9
  8831 | D:9      | Reached skill level 14 in Fighting
  9278 | D:9      | Found an ornate altar of the Wu Jian Council.
  9360 | D:10     | Entered Level 10 of the Dungeon
  9421 | D:10     | Noticed a soul eater
  9427 | D:10     | Noticed a sun demon
  9876 | D:10     | Reached *** piety under Okawaru
 10460 | D:10     | Reached skill level 15 in Fighting
 10496 | D:10     | Received a gift from Okawaru
 10882 | D:10     | Noticed a smoke demon
 11127 | D:11     | Reached **** piety under Okawaru
 11435 | D:10     | Reached XP level 11. HP: 116/124 MP: 10/10
 11590 | D:11     | Noticed a two-headed ogre
 11737 | D:10     | Killed a two-headed ogre
 11737 | D:10     | Reached ***** piety under Okawaru
 11914 | D:11     | Noticed a cyan ugly thing
 11924 | D:11     | Killed a cyan ugly thing
 11924 | D:11     | Received a gift from Okawaru
 12192 | D:11     | Found a staircase to the Lair.
 12528 | D:11     | Found a bloodstained altar of Trog.
 12535 | D:11     | Got a topaz-encrusted plate armour
 12537 | D:11     | Identified the +3 plate armour "Coigus" {Regen+ Dex+2
                  | Stlth+} (You found it on level 11 of the Dungeon)
 12633 | D:12     | Noticed a fire dragon
 12692 | D:12     | Killed from afar by a fire dragon

Skill      XL: |  1  2  3  4  5  6  7  8  9 10 11 |
---------------+----------------------------------+-----
Fighting       | 4 5 6 7 8 9 11 13 15 | 15.9
Armour         | 4 5 6 7 8 10 12 13 | 13.9
Axes           | |  2.4
Shields        | |  3.6

Action                   |  1- 3 |  4- 6 |  7- 9 | 10-12 || total
-------------------------+-------+-------+-------+-------++-------
Melee: War axe           |    26 |       |       |       ||    26
       Headbutt          |    19 |    19 |   102 |    82 ||   222
       Short sword       |    71 |   121 |   477 |   101 ||   770
       Double sword      |       |       |       |   235 ||   235
Invok: Heroism           |       |       |       |     1 ||     1
  Use: Scroll            |    11 |     5 |     6 |     6 ||    28
       Potion            |     1 |       |       |     1 ||     2
  Eat: Ration            |     1 |     2 |     5 |     4 ||    12
Armor: Scale mail        |    37 |    14 |       |       ||    51
       Chain mail        |       |    35 |   255 |   215 ||   505
       Skin              |       |     3 |       |    44 ||    47
       Plate armour      |       |       |       |    30 ||    30
Dodge: Dodged            |    22 |    37 |   108 |   167 ||   334
Block: Shield            |    45 |    55 |   319 |   337 ||   756
       Reflection        |       |     1 |     5 |     8 ||    14
       Rpst.: Double sword |       |       |       |    38 ||    38
